 Seeded DCSS version 0.29-a0-676-ga64570c9d2 (webtiles) character file.

Game seed: 11715873064666042754 (custom seed)

16 wilfster70 the Skirmisher (level 2, 0/36 HPs)
             Began as a Demonspawn Berserker on June 24, 2022.
             Was a Follower of Trog.
             Slain by a gnoll
             ... wielding a +0 club
              (2 damage)
             ... on level 1 of the Dungeon.
             The game lasted 00:01:10 (709 turns).

wilfster70 the Skirmisher (Demonspawn Berserker)     Turns: 709, Time: 00:01:10

Health: 0/36       AC:  2    Str: 17    XL:     2   Next: 41%
Magic:  2/2        EV: 12    Int:  8    God:    Trog [*.....]
Gold:   41         SH:  0    Dex: 12    Spells: 1/1 levels left

rFire   . . .      SeeInvis .   a - +0 mace
rCold   . . .      Faith    .   (no shield)
rNeg    . . .      Spirit   .   b - +0 animal skin
rPois   .          Reflect  .   (no helmet)
rElec   .          Harm     .   (no cloak)
rCorr   .          Rampage  .   (no gloves)
Will    .....                   (no boots)
Stlth   ..........              (no amulet)
HPRegen 0.12/turn               (no ring)
MPRegen 0.08/turn               (no ring)

@: berserking, very quick
A: powered by pain 1
a: Renounce Religion, Berserk


You were on level 1 of the Dungeon.
You worshipped Trog.
Trog was aware of your devotion.
You visited 1 branch of the dungeon, and saw 1 of its levels.

You collected 41 gold pieces.

Inventory:

Hand Weapons
 a - a +0 mace (weapon)
Missiles
 d - 4 poisoned darts (quivered)
Armour
 b - a +0 animal skin (worn)
Potions
 c - a potion of haste {unknown}


   Skills:
 + Level 3.2 Fighting
 * Level 3.2 Maces & Flails
 - Level 1.7 Armour
 - Level 1.7 Dodging


You had one spell level left.
You didn't know any spells.
Your spell library was empty.

Dungeon Overview and Level Annotations

Branches:
Dungeon (1/15)

Altars:


Innate Abilities, Weirdness & Mutations

You sometimes gain a little power by taking damage.


Message History

You thump the kobold!
You kill the kobold!
Trog accepts your kill.
Things that are here:
a +0 short sword; 4 stones; a kobold corpse A rat comes into view.
A rat is nearby!
The helpless rat fails to defend itself.
You hit the rat.
The rat is heavily wounded.
The rat bites you.
You thump the rat!
You kill the rat!
Trog accepts your kill.
A gnoll comes into view. It is wielding a +0 club.
The gnoll shouts!
You barely miss the gnoll. The gnoll hits you with a +0 club.
The gnoll closely misses you.
You hit the gnoll.
The gnoll is moderately wounded.
The gnoll hits you with a +0 club.
You hit the gnoll.
The gnoll is heavily wounded.
The gnoll closely misses you.
You hit the gnoll.
The gnoll is severely wounded.
The gnoll hits you with a +0 club.
You hit the gnoll but do no damage.
The gnoll is severely wounded.
The gnoll closely misses you. The gnoll hits you with a +0 club!
You hit the gnoll but do no damage.
The gnoll is severely wounded.
The gnoll hits you with a +0 club!
* * * LOW HITPOINT WARNING * * *
A red film seems to cover your vision as you go berserk!
You feel yourself moving faster!
You feel mighty! The gnoll closely misses you.
You closely miss the gnoll.
The gnoll is severely wounded.
The gnoll hits you with a +0 club.
You die...

#############
#...........#
#.#########@# #.#
#g# ######.## #.#
........# ######.#
######..###.....#.
.........##.####.##
....##............#
............####..#
###..........###..#


You could see a gnoll.

Vanquished Creatures
  2 endoplasms (D:1)
  A giant cockroach (D:1)
  2 hobgoblins (D:1)
  A quokka (D:1)
  A bat (D:1)
  3 goblins (D:1)
  2 kobolds (D:1)
  3 rats (D:1)
15 creatures vanquished.

Notes
Turn   | Place    | Note
-------+----------+-------------------------------------------
     0 | D:1      | wilfster70 the Demonspawn Berserker began the quest for the
                  | Orb.
     0 | D:1      | Reached XP level 1. HP: 18/18 MP: 1/1
   366 | D:1      | Gained mutation: You sometimes gain a little power by
                  | taking damage. [demonic ancestry]
   366 | D:1      | Reached XP level 2. HP: 24/24 MP: 2/2
   707 | D:1      | HP: 1/24 [gnoll/+0 club (7)]
   709 | D:1      | Slain by a gnoll

Illustrated notes

Levels and vault maps discovered:
D:1:      mushboom_english_gardens, layout_loops_ring,
          minmay_misc_feat_more_columns, minivault_19, minmay_misc_feat_x,
          st_stairs_14, amcnicky_mini_corridor_feature,
          chequers_serial_rivers_small_b, minmay_shallow_snake_nest

Skill      XL: |  1 |
---------------+----+-----
Maces & Flails | 3 |  3.2
Fighting       | |  3.2
Armour         | |  1.7
Dodging        | |  1.7

Action                   || total
-------------------------++-------
Melee: Mace              ||    51
Invok: Berserk           ||     3
 Stab: Sleeping          ||     1
Armor: Animal skin       ||     9
Dodge: Dodged            ||    30

Table legend: (Time is in decaauts)
 A = Elapsed time spent in this place.
 B = Non-inter-level travel time spent in this place.
 C = Inter-level travel time spent in this place.
 D = Time resting spent in this place.
 E = Time spent auto-exploring this place.
 F = Levels seen in this place.
 G = Mean time per level.
                   A        B        C        D        E       F      G
               +--------+--------+--------+--------+--------+-----+--------+
         Total |    736 |    736 |      0 |    307 |    249 |   1 |  736.0 |
       Dungeon |    736 |    736 |      0 |    307 |    249 |   1 |  736.0 |
               +--------+--------+--------+--------+--------+-----+--------+

Top non-repeatable levels by time:
     D:1: 736 daAuts
